 Dungeon Crawl Stone Soup version 0.19.5 (webtiles) character file.

49 miragecloak the Insei (level 3, -1/31 HPs)
             Began as a Naga Transmuter on Apr 12, 2017.
             Slain by a gnoll (8 damage)
             ... on level 2 of the Dungeon.
             The game lasted 00:04:24 (2358 turns).

miragecloak the Insei (Naga Transmuter)             Turns: 2358, Time: 00:04:25

Health: -1/31      AC:  2    Str: 12    XL:     3   Next: 77%
Magic:  5/6        EV: 10    Int: 13    God:
Gold:   100        SH:  0    Dex: 12    Spells: 1 memorised, 5 levels left

rFire  . . .     SeeInvis +       - Unarmed
rCold  . . .     Gourm    .     b - +0 robe
rNeg   . . .     Faith    .     (no shield)
rPois  +         Spirit   .     (no helmet)
rElec  .         Reflect  .     (no cloak)
rCorr  .         Harm     .     (no gloves)
MR     .....                    (no barding)
Stlth  +.........               (no amulet)
                                (no ring)
                                (no ring)

@: appendage (expiring), very slow
A: horns 2, see invisible, deformed body, poison resistance, slowness 2, slow
metabolism 1, spit poison 1, AC +1
a: Spit Poison, End Transformation


You were on level 2 of the Dungeon.
You were hungry.
You had grown temporary horns.
You visited 1 branch of the dungeon, and saw 3 of its levels.

You collected 100 gold pieces.

Inventory:

Missiles
 a - 12 arrows
Armour
 b - a +0 robe (worn)
Scrolls
 e - a scroll of recharging {unknown}
 f - a scroll of enchant armour {unknown}
 g - a scroll of fog {unknown}
 j - 2 scrolls of remove curse {unknown}
 k - a scroll of identify {unknown}
Potions
 h - 3 potions of curing {unknown}
 l - a potion of lignification {unknown}
 n - 2 potions of magic {unknown}
Books
 c - a book of Changes

   Spells                             Type                      Level
   a - Beastly Appendage              Transmutation                1
   b - Sticks to Snakes               Transmutation                2
   c - Spider Form                    Transmutation/Poison         3
   d - Ice Form                       Ice/Transmutation            4
   e - Blade Hands                    Transmutation                5
Comestibles
 d - a bread ration
 i - 2 meat rations
 m - 3 chunks of flesh


   Skills:
 - Level 1.0 Fighting
 - Level 1.5 Dodging
 + Level 4.6 Unarmed Combat
 - Level 2.0 Spellcasting
 - Level 2.0 Transmutations


You had 5 spell levels left.
You knew the following spells:

 Your Spells              Type           Power        Failure   Level  Hunger
a - Beastly Appendage     Tmut           #.....       12%         1    ##.....


Dungeon Overview and Level Annotations

Branches:
Dungeon (3/15)

Altars:

Annotations:
D:2 Robin


Innate Abilities, Weirdness & Mutations

You cannot wear boots.
Your serpentine skin is tough. (AC +1)
You have supernaturally acute eyesight. (SInv)
Armour fits poorly on your strangely shaped body.
Your system is resistant to poisons. (rPois)
You cover ground very slowly.
You have a slow metabolism.
You can spit poison.
You have a pair of horns on your head.


Message History

The gnoll hits you.
You barely miss the gnoll.
The gnoll is moderately wounded.
The gnoll hits you.
You hit the gnoll but do no damage.
The gnoll is moderately wounded.
The gnoll barely misses you.
You barely miss the gnoll.
The gnoll is moderately wounded.
The gnoll hits you!
You hit the gnoll but do no damage.
The gnoll is moderately wounded.
The gnoll hits you.
* * * LOW HITPOINT WARNING * * *
A gnoll comes into view.
The gnoll shouts!
You hit the gnoll. Your headbutt misses the gnoll.
The gnoll is moderately wounded.
The gnoll hits you!
You die...

...........######
##..#.#
....>...........#
.....
.......<.#..###...
#... [........##.#
...l
.........##.##
#####.%#
.........#...####
#.....#
##########......#
#.$..#
#......####....#
#......@gg#....#
#...#####....#
#####.......g#.#
#..........#
#........(..#
#............#
#.%......#....#
#..$!>...#....#
#........# ..#.


You could see 2 gnolls and a goblin.

Vanquished Creatures
  2 leopard geckos (D:1)
  2 ball pythons (D:1)
  3 giant cockroaches
  11 goblins
  6 hobgoblins (D:1)
  3 bats (D:1)
  5 frilled lizards
  8 kobolds (D:1)
  5 rats (D:1)
45 creatures vanquished.

Vanquished Creatures (others)
  A plant (D:1)
1 creature vanquished.

Grand Total: 46 creatures vanquished

Notes
Turn   | Place    | Note
-------+----------+-------------------------------------------
     0 | D:1      | miragecloak the Naga Transmuter began the quest for the Orb.
     0 | D:1      | Reached XP level 1. HP: 18/18 MP: 3/3
   386 | D:1      | Reached XP level 2. HP: 4/25 MP: 5/5
  1007 | D:1      | Reached skill level 4 in Unarmed Combat
  1240 | D:1      | Reached XP level 3. HP: 22/31 MP: 4/6
  1637 | D:2      | Noticed Robin
  2358 | D:2      | Slain by a gnoll

Skill      XL: |  1  2 |
---------------+-------+-----
Unarmed Combat | 4 |  4.6
Fighting       | |  1.0
Dodging        | |  1.5
Spellcasting   | |  2.0
Transmutations | |  2.0

Action                   || total
-------------------------++-------
Melee: Unarmed           ||   146
       Punch             ||     2
       Headbutt          ||    11
 Cast: Beastly Appendage ||    26
  Eat: Chunk             ||     3
Armor: Robe              ||    27
Dodge: Dodged            ||   102
